 Dungeon Sprint DCSS version 0.18-a0-1024-gf1736fb (webtiles) character file.

1821 pipel the Grappler (level 8, 0/93 HPs)
             Began as a Troll Berserker on Jan 7, 2016.
             Was a High Priest of Trog.
             Slain by a water elemental (18 damage)
             ... in the Dungeon (Sprint VII: "The Pits").
             The game lasted 00:04:30 (371 turns).

pipel the Grappler (Troll Berserker)                 Turns: 371, Time: 00:04:30

Health: 0/93       AC:  5    Str: 28    XL:     8   Next: 85%
Magic:  7/7        EV: 13    Int:  3    God:    Trog [*****.]
Gold:   0          SH:  0    Dex:  9    Spells: 0 memorised, 7 levels left

rFire  . . .     SeeInvis .       - Unarmed
rCold  . . .     Gourm    +     a - +0 animal skin
rNeg   . . .     Faith    .     (no shield)
rPois  .         Spirit   .     (helmet restricted)
rElec  .         Dismiss  .     (no cloak)
rCorr  .         Reflect  .     (gloves unavailable)
SustAt .         Harm     .     (boots unavailable)
MR     .....     NoTele   +     (no amulet)
Stlth  +.........               (no ring)
                                (no ring)

@: not resistant to hostile enchantments, very unstealthy
A: unfitting armour, claws 3, fast metabolism 3, gourmand, regeneration 2,
shaggy fur 1, tough skin 2
a: Berserk, Trog's Hand, Brothers in Arms, Burn Spellbooks, Renounce Religion


You were in the Dungeon.
You worshipped Trog.
Trog was extremely pleased with you.
You were not hungry.

You visited 1 branch

Inventory:

Hand Weapons
 v - the +4 quarterstaff of Exquisite Torment {crush, rF++ rC+ Int+2}
   (You found it in the Dungeon)

   It inflicts extra damage upon your enemies.
   It affects your intelligence (+2).
   It greatly protects you from fire.
   It protects you from cold.
Missiles
 l - 9 stones (quivered)
 o - 4 steel javelins
 p - 4 tomahawks of returning
Armour
 a - a +0 animal skin (worn)
Jewellery
 t - a +3 ring of intelligence
 u - a +3 ring of protection
Scrolls
 h - a scroll of blinking
 m - 3 scrolls of remove curse
 n - a scroll of summoning
Potions
 c - 2 potions of curing
 d - 5 potions of heal wounds
 e - 2 potions of haste
 f - 4 potions of magic
 g - 3 potions of berserk rage
 k - 2 potions of invisibility
 q - a potion of brilliance
 r - 2 potions of cure mutation
 s - a potion of might
Comestibles
 b - 8 bread rations
 i - 40 fruits
 j - 7 meat rations


   Skills:
 + Level 9.6 Fighting
 + Level 3.7 Throwing
 + Level 9.7 Dodging
 + Level 11.9 Unarmed Combat


You had 7 spell levels left.
You didn't know any spells.

Dungeon Overview and Level Annotations

Branches:
Dungeon (1/1)

Altars:


Innate Abilities, Weirdness & Mutations

You are too large for most types of armour.
You have claws for hands.
Your metabolism is lightning-fast.
You like to eat raw meat.
You heal very quickly.
You are covered in fur (AC +1).
You have very tough skin (AC +2).


Message History

Found the cursed ring of the Catfish {Str+4 Int-3 Stlth+}.
There is an open door, spattered with blood here.
You take 21 damage, and have 72/93 hp.
MASSIVE DAMAGE!!
A lindwurm comes into view.
The lindwurm roars!
You hear a shout!
You fail to use your ability.
The minotaur hits you with a war axe! The minotaur gores you.
You take 16 damage, and have 68/93 hp.
You fail to use your ability.
The minotaur misses you. The minotaur gores you!
You take 13 damage, and have 55/93 hp.
You fail to use your ability.
The minotaur hits you with a war axe!!!
* * * LOW HITPOINT WARNING * * *
The minotaur gores you!
* * * LOW HITPOINT WARNING * * *
You take 48 damage, and have 14/93 hp.
MASSIVE DAMAGE!!
A water elemental comes into view.
The water elemental hits you!!
You die...

#..################..#
#..# #.# #..# #..#
#T##T.# #..# #=#k.# #.k#
#'..# #..# #.#..#
#..################..#
#....k.H..E..........#
#.....T..@...........#
##########''##########
#+##############''######
+.'..##................#
#.#?|##......#..#......#
##'#####................+
.......'................+
##'#####......#..#......#
#.....##................#


You could see a minotaur, a deep troll, a lindwurm and a water elemental.

Vanquished Creatures
  A deep elf mage (D)
  A griffon (D)
  A molten gargoyle (D)
  A fire bat (D)
  Menkaure (D)
  A black bear (D)
  3 wights (D)
  A crimson imp (D)
  2 jellies (D)
  An orc wizard (D)
  2 worker ants (D)
  2 mummies (D)
  A giant gecko (D)
  3 orcs (D)
  A giant cockroach (D)
  A rat (D)
23 creatures vanquished.

Notes
Turn   | Place    | Note
--------------------------------------------------------------
     0 | D        | pipel the Troll Berserker began the quest for the Orb.
     0 | D        | Reached XP level 1. HP: 22/22 MP: 0/0
    46 | D        | Noticed a jelly
    47 | D        | Noticed a wight
    47 | D        | Noticed an orc wizard
    59 | D        | Killed a jelly
    59 | D        | Reached skill level 4 in Dodging
    59 | D        | Reached XP level 2. HP: 29/31 MP: 1/1
    59 | D        | Reached XP level 3. HP: 34/37 MP: 2/2
    72 | D        | Reached ** piety under Trog
    72 | D        | Reached skill level 1 in Throwing
    76 | D        | Reached skill level 5 in Unarmed Combat
    76 | D        | Reached XP level 4. HP: 25/49 MP: 3/3
    80 | D        | Noticed a fire bat
    85 | D        | Reached skill level 5 in Fighting
    85 | D        | Reached skill level 5 in Dodging
    85 | D        | Reached skill level 6 in Unarmed Combat
    89 | D        | Killed a fire bat
    89 | D        | Reached skill level 7 in Unarmed Combat
    89 | D        | Reached XP level 5. HP: 32/59 MP: 4/4
    89 | D        | Reached XP level 6. HP: 36/67 MP: 5/5
    91 | D        | Reached skill level 8 in Unarmed Combat
    95 | D        | Reached *** piety under Trog
   121 | D        | Noticed a molten gargoyle
   143 | D        | Killed a molten gargoyle
   143 | D        | Reached skill level 9 in Unarmed Combat
   143 | D        | Reached XP level 7. HP: 31/79 MP: 6/6
   156 | D        | Noticed Menkaure
   157 | D        | Killed Menkaure
   157 | D        | Received a gift from Trog
   157 | D        | Reached skill level 10 in Unarmed Combat
   166 | D        | Reached **** piety under Trog
   194 | D        | Noticed a deep elf mage
   201 | D        | Noticed a griffon
   217 | D        | Killed a griffon
   217 | D        | Reached skill level 11 in Unarmed Combat
   217 | D        | Reached XP level 8. HP: 52/92 MP: 7/7
   221 | D        | Killed a deep elf mage
   221 | D        | Received a gift from Trog
   252 | D        | Got the +4 quarterstaff of Exquisite Torment {crush, rF++ rC+ Int+2}
   299 | D        | Reached ***** piety under Trog
   334 | D        | Noticed a deep troll
   334 | D        | Noticed a minotaur
   336 | D        | Noticed a lindwurm
   371 | D        | Slain by a water elemental

Vault maps used:
D:        pitsprint

Action                   |  1- 3 |  4- 6 |  7- 9 || total
-------------------------+-------+-------+-------++-------
Melee: Unarmed           |    10 |    27 |    39 ||    76
Throw: Stone             |     9 |     1 |     1 ||    11
Invok: Trog's Hand       |       |     2 |     2 ||     4
       Berserk           |       |     2 |     1 ||     3
  Eat: Chunk             |       |       |     2 ||     2
       Bread ration      |       |       |     1 ||     1
